 Dungeon Crawl Stone Soup version 0.18.1-47-g9310371 (webtiles) character file.

816 jennos the Spear-Bearer (level 7, 0/50 HPs)
             Began as a Merfolk Gladiator on June 20, 2016.
             Was a Follower of Makhleb.
             Killed by nerve-wracking pain
             ... invoked by an orc priest
              (6 damage)
             ... on level 6 of the Dungeon.
             The game lasted 00:20:53 (6773 turns).

jennos the Spear-Bearer (Merfolk Gladiator)         Turns: 6773, Time: 00:20:54

Health: 0/50       AC:  9    Str: 15    XL:     7   Next: 94%
Magic:  0/7        EV:  9    Int:  8    God:    Makhleb [*.....]
Gold:   349        SH: 11    Dex: 19    Spells: 0 memorised, 6 levels left

rFire  . . .     SeeInvis .     a - +1 trident
rCold  . . .     Gourm    .     z - +0 ring mail
rNeg   . . .     Faith    .     c - +0 large shield
rPois  .         Spirit   +     y - +0 helmet
rElec  .         Dismiss  .     B - +0 cloak (curse)
rCorr  .         Reflect  .     A - +1 pair of gloves {Dex+3}
SustAt .         Harm     .     (no boots)
MR     .....                    l - amulet of guardian spirit
Stlth  +.........               (no ring)
                                (no ring)

@: not resistant to hostile enchantments, very unstealthy
A: change form in water, swift swim
a: Renounce Religion


You were on level 6 of the Dungeon.
You worshipped Makhleb.
Makhleb was aware of your devotion.
You were not hungry.

You visited 2 branches of the dungeon, and saw 7 of its levels.

You collected 349 gold pieces.

Inventory:

Hand Weapons
 a - a +1 trident (weapon)
Missiles
 d - 5 throwing nets (quivered)
Armour
 c - a +0 large shield (worn)
 y - a +0 helmet (worn)
 z - a +0 ring mail (worn)
 A - a +1 pair of gloves of dexterity (worn)
 B - a cursed +0 cloak (worn)
Jewellery
 l - an amulet of guardian spirit (around neck)
 n - an uncursed amulet of rage
Wands
 p - a wand of slowing (37/48)
Scrolls
 j - 2 scrolls of teleportation
 o - 3 scrolls of amnesia
 r - a scroll of enchant weapon
 v - 3 scrolls of remove curse
 x - 2 scrolls of magic mapping
Potions
 e - a potion of heal wounds
 g - a potion of agility {unknown}
 h - a potion of resistance {unknown}
 k - 3 potions of degeneration {unknown}
 m - 2 potions of curing {unknown}
 q - 4 potions of lignification {unknown}
 s - a potion of berserk rage {unknown}
 u - a potion of experience {unknown}
 D - a potion of might {unknown}
Books
 C - a book of the Earth

   Spells                             Type                      Level
   a - Leda's Liquefaction            Hexes/Earth                  4
   b - Bolt of Magma                  Conjuration/Fire/Earth       5
   c - Statue Form                    Transmutation/Earth          6
   d - Iron Shot                      Conjuration/Earth            6
   e - Shatter                        Earth                        9
Comestibles
 b - 3 chunks of flesh
 f - 3 bread rations
 i - 5 beef jerkies
 t - 3 meat rations
 w - a fruit


   Skills:
 - Level 2.1 Fighting
 - Level 12.1 Polearms
 - Level 2.0 Throwing
 + Level 5.3 Dodging


You had 6 spell levels left.
You didn't know any spells.

Dungeon Overview and Level Annotations

Branches:
Dungeon (6/15)             Temple (1/1) D:4

Altars:
Ashenzari
Cheibriados
Dithmenos
Elyvilon
Fedhas
Gozag
Kikubaaqudgha
Makhleb
Nemelex Xobeh
Okawaru
Pakellas
Qazlal
Ru
Sif Muna
Trog
Vehumet
Xom
Zin
The Shining One

Shops:
D:4 [

Annotations:
D:5 Prince Ribbit


Message History

The orc warrior hits you with a long sword!!
Some of the chunks of flesh in your inventory have rotted away.
The orc priest invokes the aid of Beogh against you.
Beogh smites you!
* * * LOW HITPOINT WARNING * * *
The orc wizard casts a cantrip, but nothing happens.
A phantom comes into view.
Found a stone staircase leading up.
The phantom blinks!
A giant cockroach comes into view.
A giant newt comes into view.
The orc priest mumbles some strange prayers to Beogh against you.
Beogh smites you!
* * * LOW HITPOINT WARNING * * *
The phantom barely misses you.
The orc wizard gestures wildly while chanting.
The orc wizard seems to speed up.
The orc priest mumbles some strange prayers to Beogh against you.
Pain shoots through your body!
You die...

#.# . ###.# ####
##.o.# ##...##
#..### ##.....##
#.## .
#.......###o####....
#......s.ooo.....#
#........##.######
##....@W###.# #.#
#......# #.# #.#
#.......# #.# #.#
#..l..... ..# #.#
#..........## #.#
##......... #.#
##......... #.#
#..P.P...... ####.#
....##.....


You could see a phantom, an orc warrior, an orc priest, 2 orc wizards, a giant
cockroach and a giant newt.

Vanquished Creatures
  An ice beast (D:6)
  An ogre (D:5)
  A centaur (D:5)
  A big kobold (D:6)
  A howler monkey (D:4)
  A crimson imp (D:6)
  A hound (D:6)
  An orc wizard (D:4)
  A centaur skeleton (D:5)
  2 worker ants
  A hound skeleton (D:5)
  6 gnolls
  6 adders
  A shadow imp (D:5)
  3 oozes
  An adder zombie (D:5)
  2 worms (D:2)
  3 dart slugs
  2 giant geckos
  15 orcs
  3 giant cockroaches
  10 goblins
  14 hobgoblins
  4 quokkas
  4 ball pythons
  A ball python skeleton (D:4)
  7 bats
  3 giant newts
  14 kobolds
  15 rats
126 creatures vanquished.

Vanquished Creatures (others)
  A sky beast (D:5)
1 creature vanquished.

Grand Total: 127 creatures vanquished

Notes
Turn   | Place    | Note
--------------------------------------------------------------
     0 | D:1      | jennos the Merfolk Gladiator began the quest for the Orb.
     0 | D:1      | Reached XP level 1. HP: 16/16 MP: 1/1
   146 | D:1      | Reached skill level 5 in Polearms
   146 | D:1      | Reached XP level 2. HP: 16/22 MP: 2/2
   364 | D:1      | Reached XP level 3. HP: 27/27 MP: 3/3
   403 | D:1      | Reached skill level 6 in Polearms
   848 | D:2      | Found a shattered altar of Ashenzari.
  1066 | D:2      | Reached skill level 7 in Polearms
  1066 | D:2      | Reached XP level 4. HP: 33/33 MP: 4/4
  1546 | D:2      | Found an opulent altar of Gozag.
  2544 | D:3      | Reached skill level 8 in Polearms
  2578 | D:3      | Reached XP level 5. HP: 38/38 MP: 5/5
  2579 | D:3      | Found a shadowy altar of Dithmenos.
  2810 | D:4      | Found a stormy altar of Qazlal.
  3404 | D:4      | Found a staircase to the Ecumenical Temple.
  3412 | Temple   | Entered the Ecumenical Temple
  3453 | Temple   | Became a worshipper of Makhleb the Destroyer
  3559 | D:4      | Found Ugoanoh's Antique Armour Emporium.
  3693 | D:4      | Reached skill level 9 in Polearms
  3802 | D:4      | Reached XP level 6. HP: 44/44 MP: 6/6
  4542 | D:5      | Entered Level 5 of the Dungeon
  4551 | D:5      | Noticed Prince Ribbit
  4895 | D:5      | Reached skill level 10 in Polearms
  5072 | D:5      | Reached skill level 11 in Polearms
  5072 | D:5      | Reached XP level 7. HP: 50/50 MP: 7/7
  5325 | D:5      | Reached * piety under Makhleb
  6441 | D:6      | Reached skill level 12 in Polearms
  6471 | D:6      | Found a shimmering altar of Xom.
  6529 | D:6      | Found a glowing silver altar of Zin.
  6529 | D:6      | Found a bloodstained altar of Trog.
  6610 | D:6      | Reached skill level 5 in Dodging
  6773 | D:6      | Killed from afar by an orc priest

Skill      XL: |  1  2  3  4  5  6  7 |
---------------+----------------------+-----
Polearms       | 5 7 8 9 11 12 | 12.1
Dodging        | 5 |  5.3
Fighting       | |  2.1
Throwing       | |  2.0

Action                   |  1- 3 |  4- 6 |  7- 9 || total
-------------------------+-------+-------+-------++-------
Melee: Trident           |    84 |   271 |   139 ||   494
Throw: Throwing net      |     1 |       |       ||     1
  Use: Scroll            |     4 |     7 |       ||    11
 Stab: Sleeping          |     2 |     3 |       ||     5
       Held in net/web   |     1 |       |       ||     1
  Eat: Chunk             |     1 |    11 |     2 ||    14
       Fruit             |       |     2 |     3 ||     5
Armor: Leather armour    |    11 |    20 |       ||    31
       Ring mail         |       |    21 |    29 ||    50
Dodge: Dodged            |    34 |   110 |    35 ||   179
Block: Large shield      |       |       |    32 ||    32
